 Dungeon Crawl Stone Soup version 0.27-a0-1137-g3ef0f4ec91 (webtiles) character file.

Game seed: 9621301830577309244

9538 kae the Carver (level 11, -2/75 HPs)
             Began as a Demonspawn Abyssal Knight on May 6, 2021.
             Was a High Priest of Lugonu.
             Slain by a komodo dragon (17 damage)
             ... on level 1 of the Lair of Beasts.
             The game lasted 00:08:26 (13790 turns).

kae the Carver (Demonspawn Abyssal Knight)         Turns: 13790, Time: 00:08:27

Health: -2/75      AC:  9    Str: 22    XL:     11   Next: 24%
Magic:  0/14       EV: 10    Int: 13    God:    Lugonu [*****.]
Gold:   255        SH:  7    Dex: 13    Spells: 10/10 levels left

rFire    . . .     SeeInvis .   a - +4 falchion (flame)
rCold    . . .     Faith    .   y - +2 buckler
rNeg     . . .     Spirit   +   g - +0 scale mail
rPois    .         Reflect  .   (helmet restricted)
rElec    .         Harm     .   (no cloak)
rCorr    +         Rampage  .   h - +0 pair of gloves
Will     .....                  (no boots)
Stlth    ..........             l - amulet of guardian spirit
HPRegen  0.22/turn              j - +6 ring of strength
MPRegen  0.14/turn              r - ring of resist corrosion

@: no status effects
A: antennae 2, demonic guardian 1, sharp scales 2, demonic magic 2
a: Renounce Religion, Depart the Abyss, Bend Space, Banish, Corrupt, Enter the
Abyss


You were on level 1 of the Lair of Beasts.
You worshipped Lugonu.
Lugonu was extremely pleased with you.
You visited 2 branches of the dungeon, and saw 11 of its levels.
You visited the Abyss 1 time.

You collected 459 gold pieces.
You spent 204 gold pieces at shops.

Inventory:

Hand Weapons
 a - a +4 falchion of flaming (weapon)
 b - a +2 falchion of freezing
 x - a +0 great sword
Missiles
 o - 5 throwing nets
 D - a curare-tipped dart
Armour
 g - a +0 scale mail (worn)
 h - a +0 pair of gloves (worn)
 y - a +2 buckler (worn)
Jewellery
 j - a +6 ring of strength (left hand)
 l - an amulet of guardian spirit (around neck)
 n - a +6 ring of intelligence
 p - an amulet of faith
 r - a ring of resist corrosion (right hand)
 w - an amulet of magic regeneration
 F - a ring of wizardry
Wands
 f - a wand of flame (22)
 i - a wand of iceblast (7)
 E - a wand of polymorph (5)
Scrolls
 e - a scroll of amnesia
 t - a scroll of enchant armour
 u - 4 scrolls of teleportation
 A - 2 scrolls of fear
 B - 2 scrolls of noise
 C - 3 scrolls of identify
Potions
 c - 2 potions of invisibility
 d - 3 potions of attraction
 k - a potion of mutation
 m - 6 potions of flight
 q - 8 potions of curing
 s - a potion of lignification
 v - 2 potions of might
 z - 2 potions of brilliance
 G - 2 potions of heal wounds {unknown}
 H - a potion of degeneration


   Skills:
 - Level 3.0 Fighting
 + Level 14.7 Long Blades
 - Level 1.7 Armour
 - Level 0.8 Dodging
 - Level 4.0 Shields
 - Level 5.0 Invocations


You had 10 spell levels left.
You didn't know any spells.
Your spell library contained the following spells:

 Spells                   Type           Power      Damage    Failure   Level
 Beastly Appendage        Tmut           0%         N/A       63%         1
 Wereblood                Tmut           0%         N/A       77%         2
 Spider Form              Tmut/Pois      0%         N/A       94%         3
 Cause Fear               Hex            0%         N/A       100%        4
 Ice Form                 Ice/Tmut       0%         N/A       100%        4
 Hydra Form               Tmut           0%         N/A       100%        5
 Silence                  Hex/Air        0%         N/A       100%        5
 Yara's Violent Unravell  Hex/Tmut       0%         3d3       100%        5
 Discord                  Hex            0%         N/A       100%        8


Dungeon Overview and Level Annotations

Branches:
Dungeon (10/15)            Temple (0/1) D:5            Lair (1/6) D:8
    Orc: D:9-12

Altars:
Ashenzari
Fedhas
Gozag
Hepliaklqana
Nemelex Xobeh
Qazlal
Ru
Trog
Wu Jian
Xom
Yredelemnul
The Shining One

Shops:
D:5 !   D:7 ?

Annotations:
D:7 2 runed translucent doors, zhorgal's ghost, novice MiBe


Innate Abilities, Weirdness & Mutations

You have a pair of antennae on your head.
A weak demonic guardian rushes to your aid.
You are mostly covered in razor-sharp scales. (AC +2, Slay +2)
Spells you cast may paralyse nearby enemies.


Message History

You block the seven-headed hydra's attack.
The seven-headed hydra bites you! The seven-headed hydra bites you.
You block the seven-headed hydra's attack.
The seven-headed hydra completely misses you.
The seven-headed hydra bites you.
The seven-headed hydra bites you but does no damage.
You slice one of the seven-headed hydra's heads off!
The flame cauterises the wound!
You slash the six-headed hydra! You burn the six-headed hydra.
The six-headed hydra is moderately wounded.
The komodo dragon bites the plant!!
The one-headed hydra bites the plant!
You hack one of the six-headed hydra's heads off!
The flame cauterises the wound!
You hit the five-headed hydra. You burn the five-headed hydra.
The five-headed hydra is moderately wounded.
The five-headed hydra bites you!
You block the five-headed hydra's attack.
The five-headed hydra bites you.
You block the five-headed hydra's attack.
The five-headed hydra completely misses you.
The komodo dragon bites the plant!!
The one-headed hydra bites the plant!
You lop one of the five-headed hydra's heads off!
The flame cauterises the wound!
You hit the four-headed hydra. You burn the four-headed hydra.
The four-headed hydra is heavily wounded.
A nearby plant withers and dies.
The komodo dragon bites you. The one-headed hydra barely misses you.
You riposte.
You slash the one-headed hydra! You burn the one-headed hydra.
The one-headed hydra is almost dead.
The four-headed hydra bites you but does no damage.
The four-headed hydra barely misses you.
The four-headed hydra bites you!
The four-headed hydra closely misses you.
The four-headed hydra bites you.
The four-headed hydra closely misses you.
The four-headed hydra bites you but does no damage.
The four-headed hydra bites you!
* * * LOW HITPOINT WARNING * * *
You barely miss the komodo dragon. The komodo dragon bites you!!
You die...

##.##P#.P..#
#.....#....##
###...........##
#.PP...........##
#P.P♣..P†.......#
#?..P♣♣P.P......##
#.PP♣ ♣♣PP.P....#
#PP♣ ♣♣P..P#..#
#.PP♣♣♣♣{♣@.##..#
#..PPP♣..l..# .#
.PPP♣P.DP#.#
#..P..#### #.#...#
..........#
#######......
##....... .......


You could see an one-headed hydra and a komodo dragon.

Vanquished Creatures
  3 hydras (Lair:1)
  A cane toad (Lair:1)
  A troll (D:10)
  7 yaks (D:10)
  Eustachio (D:5)
  Grum (D:7)
  2 water moccasins
  A hornet zombie (D:9)
  2 orc warriors
  3 black bears
  4 necrophages
  A sky beast (D:8)
  8 centaurs
  A phantom (D:4)
  2 kobold brigands
  Blork the orc (D:5)
  A gnoll sergeant (D:7)
  10 bullfrogs
  4 scorpions
  A water moccasin zombie (D:5)
  A wyvern zombie (D:6)
  A water moccasin skeleton (D:5)
  6 killer bees (D:9)
  6 wights
  3 howler monkeys
  3 bullfrog zombies
  6 centaur zombies
  A human zombie (D:5)
  8 hounds
  A jelly (D:4)
  A gnoll shaman (D:7)
  6 orc priests
  Ijyb (D:3)
  11 orc wizards
  A killer bee zombie (D:8)
  2 hound zombies (D:5)
  4 adders
  10 gnolls
  A howler monkey skeleton (D:7)
  A white imp (D:8)
  2 ufetubi
  4 dart slugs
  23 orcs
  3 ball pythons
  5 bats
  7 endoplasms
  5 giant cockroaches
  7 goblins
  9 hobgoblins
  2 jackals (D:7)
  16 kobolds
  5 quokkas
  2 frilled lizards
  11 rats
230 creatures vanquished.

Vanquished Creatures (collateral kills)
  A merfolk (D:9)
  A vampire (D:9)
  A yak (D:10)
  A bullfrog zombie (D:5)
  An orc (D:10)
  A frilled lizard (D:1)
6 creatures vanquished.

Vanquished Creatures (others)
  3 fungi (D:8)
  21 plants
24 creatures vanquished.

Grand Total: 260 creatures vanquished

Notes
Turn   | Place    | Note
-------+----------+-------------------------------------------
     0 | Abyss:1  | kae the Demonspawn Abyssal Knight began the quest for the
                  | Orb.
     0 | Abyss:1  | Reached XP level 1. HP: 18/18 MP: 2/2
   126 | D:1      | Escaped the Abyss
   143 | D:1      | Reached skill level 2 in Long Blades
   218 | D:1      | Gained mutation: You are partially covered in razor-sharp
                  | scales. (AC +1, Slay +1) [demonic ancestry]
   218 | D:1      | Reached XP level 2. HP: 20/24 MP: 3/3
   490 | D:1      | Found a faded altar of an unknown god.
   565 | D:1      | Reached skill level 3 in Long Blades
   568 | D:1      | Reached ** piety under Lugonu
  1213 | D:2      | Gained mutation: You have a pair of small antennae on your
                  | head. [demonic ancestry]
  1213 | D:2      | Reached XP level 3. HP: 27/29 MP: 4/4
  2287 | D:3      | Noticed Ijyb
  2295 | D:3      | Killed Ijyb
  2296 | D:3      | Reached skill level 1 in Shields
  2296 | D:3      | Gained mutation: A weak demonic guardian rushes to your
                  | aid. [demonic ancestry]
  2296 | D:3      | Reached XP level 4. HP: 24/35 MP: 5/5
  2749 | D:4      | Reached skill level 4 in Long Blades
  2884 | D:3      | Reached XP level 5. HP: 37/41 MP: 6/6
  2960 | D:4      | Noticed a centaur
  2972 | D:4      | Killed a centaur
  3385 | D:4      | Gained mutation: Spells you cast may paralyse adjacent
                  | enemies. [demonic ancestry]
  3385 | D:4      | Reached XP level 6. HP: 36/47 MP: 7/7
  3553 | D:4      | Reached skill level 5 in Long Blades
  3864 | D:4      | Found a hazy altar of Hepliaklqana.
  3964 | D:5      | Entered Level 5 of the Dungeon
  3972 | D:5      | Reached XP level 7. HP: 52/52 MP: 8/8
  3973 | D:5      | Noticed Blork the orc
  3976 | D:5      | Killed Blork the orc
  3989 | D:5      | Reached skill level 6 in Long Blades
  4002 | D:5      | Reached *** piety under Lugonu
  4094 | D:5      | Found Rogiryng's Distillery.
  4106 | D:5      | Bought a potion of curing for 36 gold pieces
  4124 | D:5      | Noticed Eustachio
  4213 | D:5      | Killed Eustachio
  4503 | D:5      | Reached skill level 7 in Long Blades
  4565 | D:5      | Found a stormy altar of Qazlal.
  4931 | D:5      | Found a basalt altar of Yredelemnul.
  4965 | D:5      | Gained mutation: You are mostly covered in razor-sharp
                  | scales. (AC +2, Slay +2) [demonic ancestry]
  4965 | D:5      | Reached XP level 8. HP: 51/58 MP: 7/9
  5012 | D:5      | Reached skill level 8 in Long Blades
  5196 | D:5      | Reached skill level 9 in Long Blades
  5261 | D:5      | Found a staircase to the Ecumenical Temple.
  6026 | D:6      | Found an ornate altar of the Wu Jian Council.
  6634 | D:6      | Reached skill level 10 in Long Blades
  6666 | D:7      | Reached **** piety under Lugonu
  6667 | D:7      | Gained mutation: You have a pair of antennae on your head.
                  | [demonic ancestry]
  6667 | D:7      | Reached XP level 9. HP: 62/63 MP: 10/10
  6677 | D:7      | Found a large runed translucent door.
  6678 | D:7      | Found a large runed translucent door.
  6680 | D:7      | Noticed zhorgal's ghost (novice MiBe)
  7128 | D:7      | Noticed Grum
  7135 | D:7      | Killed Grum
  7246 | D:7      | Found a bloodstained altar of Trog.
  7294 | D:7      | Found Biskukaw's Magic Scroll Shoppe.
  7304 | D:7      | Reached skill level 11 in Long Blades
  7350 | D:7      | Bought a scroll of fear for 56 gold pieces
  7350 | D:7      | Bought a scroll of noise for 16 gold pieces
  7350 | D:7      | Bought a scroll of identify for 32 gold pieces
  7350 | D:7      | Bought a scroll of identify for 32 gold pieces
  7350 | D:7      | Bought a scroll of identify for 32 gold pieces
  8614 | D:8      | Reached skill level 12 in Long Blades
  8735 | D:8      | Found a sacrificial altar of Ru.
  8822 | D:8      | Found a staircase to the Lair.
  9228 | D:8      | Reached XP level 10. HP: 66/70 MP: 10/12
  9406 | D:9      | Reached ***** piety under Lugonu
  9578 | D:9      | Noticed a two-headed ogre
  9579 | D:9      | a two-headed ogre changed into a merfolk
 10229 | D:9      | Found a sparkling altar of Nemelex Xobeh.
 10229 | D:9      | Found an opulent altar of Gozag.
 10376 | D:10     | Entered Level 10 of the Dungeon
 10385 | D:9      | Reached skill level 5 in Invocations
 10893 | D:9      | Found an opulent altar of Gozag.
 10894 | D:9      | Found a sparkling altar of Nemelex Xobeh.
 11669 | D:10     | Reached skill level 13 in Long Blades
 11974 | D:10     | Found a shimmering altar of Xom.
 11976 | D:10     | Found a hazy altar of Hepliaklqana.
 11976 | D:10     | Found a broken altar of Ashenzari.
 11978 | D:10     | Found a blossoming altar of Fedhas.
 11978 | D:10     | Found a sacrificial altar of Ru.
 11978 | D:10     | Found a sparkling altar of Nemelex Xobeh.
 13223 | Lair:1   | Entered Level 1 of the Lair of Beasts
 13223 | Lair:1   | Noticed a cane toad
 13223 | Lair:1   | Noticed an eight-headed hydra
 13238 | Lair:1   | Killed a one-headed hydra
 13239 | Lair:1   | Reached skill level 14 in Long Blades
 13250 | Lair:1   | Killed a cane toad
 13251 | Lair:1   | Gained mutation: Spells you cast may paralyse nearby
                  | enemies. [demonic ancestry]
 13251 | Lair:1   | Reached XP level 11. HP: 49/75 MP: 6/14
 13645 | Lair:1   | Noticed a four-headed hydra
 13657 | Lair:1   | Killed a one-headed hydra
 13710 | Lair:1   | Noticed a four-headed hydra
 13718 | Lair:1   | Killed a one-headed hydra
 13767 | Lair:1   | Noticed a six-headed hydra
 13768 | Lair:1   | Noticed an eight-headed hydra
 13790 | Lair:1   | Slain by a komodo dragon

Illustrated notes

Levels and vault maps discovered:
D:1:      giann_bridges, layout_basic, hellmonk_ecumenical_altar_zigzags,
          minmay_rat_gold_closets
D:2:      kb_forest_paths, layout_basic
D:3:      layout_rooms, uniq_ijyb
D:4:      layout_rooms, kennysheep_mini_moat, minmay_misc_feat_ornament,
          corexii_shack
D:5:      layout_cave_pods, lemuel_mausoleum_altar_yredelemnul,
          amcnicky_altar_gilded, minmay_temple_entry_large_hall, serial_shops,
          nicolae_shop_trees, uniq_blork_the_orc, uniq_eustachio
D:6:      layout_basic, nicolae_wu_jian_immortal_techniques,
          portal_sewer_entry_f
D:7:      layout_cave_pools, lemuel_doored_altar, ebering_ghost_disaster_area,
          serial_gnoll_camp, gnoll_camp_mini_basic, gnoll_camp_mini_basic,
          grums_kennel, gnoll_camp_mini_shop, minmay_misc_feat_nine_boxes
D:8:      layout_loops_ring, minitemple, grunt_lair_entry_orc_guard_hut
D:9:      layout_small_grid, grunt_temple_overflow_opulence,
          kennysheep_generic_room_4
D:10:     layout_long_grid, doesnt_xom_only_xom
Lair:1:   layout_cave_pods, serial_forest, infiniplex_forest_clump_C,
          infiniplex_forest_clump_small, infiniplex_forest_straight_5,
          infiniplex_forest_clump_large, ebering_ghost_funeral_grove,
          uniq_harold

Skill      XL: |  1  2  3  4  5  6  7  8  9 10 |
---------------+-------------------------------+-----
Long Blades    | 2 3 4 5 7 10 12 14 | 14.7
Shields        | 1 2 3 4 |  4.0
Invocations    | 5 |  5.0
Fighting       | |  3.0
Armour         | |  1.7
Dodging        | |  0.8

Action                   |  1- 3 |  4- 6 |  7- 9 | 10-12 || total
-------------------------+-------+-------+-------+-------++-------
Melee: Falchion          |    75 |   100 |   439 |   262 ||   876
Evoke: Wand              |       |     2 |     3 |     2 ||     7
  Use: Scroll            |     7 |     5 |     3 |     6 ||    21
       Potion            |       |       |     3 |     2 ||     5
 Stab: Sleeping          |     1 |       |       |       ||     1
       Distracted        |       |     1 |       |       ||     1
Armor: Leather armour    |    25 |       |       |       ||    25
       Scale mail        |     3 |    48 |   176 |    73 ||   300
       Skin              |       |       |    22 |    34 ||    56
Dodge: Dodged            |    42 |    46 |   182 |    86 ||   356
Block: Buckler           |     3 |    20 |   122 |    95 ||   240
       Rpst.: Falchion   |    17 |    14 |    39 |    23 ||    93

Table legend: (Time is in decaauts)
 A = Elapsed time spent in this place.
 B = Non-inter-level travel time spent in this place.
 C = Inter-level travel time spent in this place.
 D = Time resting spent in this place.
 E = Time spent auto-exploring this place.
 F = Levels seen in this place.
 G = Mean time per level.
                   A        B        C        D        E       F      G
               +--------+--------+--------+--------+--------+-----+--------+
         Total |  13669 |  13063 |    606 |   2620 |   8698 |  12 | 1139.1 |
       Dungeon |  13004 |  12398 |    606 |   2428 |   8309 |  10 | 1300.4 |
          Lair |    539 |    539 |      0 |    192 |    271 |   1 |  539.0 |
         Abyss |    126 |    126 |      0 |      0 |    118 |   1 |  126.0 |
               +--------+--------+--------+--------+--------+-----+--------+

Top non-repeatable levels by time:
     D:9: 2393 daAuts
     D:5: 1665 daAuts
     D:7: 1597 daAuts
    D:10: 1523 daAuts
     D:2: 1466 daAuts
     D:8: 979 daAuts
     D:4: 953 daAuts
     D:6: 917 daAuts
     D:3: 810 daAuts
     D:1: 697 daAuts
  Lair:1: 539 daAuts
 Abyss:1: 126 daAuts
